 Dungeon Crawl Stone Soup version 0.29.1-2-gbd0b4ee654 (webtiles) character file.

Game seed: 1197886222582504460

376 safid the Shooter (level 6, -1/57 HPs)
             Began as a Minotaur Hunter on Nov 18, 2022.
             Killed by nerve-wracking pain
             ... invoked by Menkaure
              (13 damage)
             ... in an ossuary.
             The game lasted 00:08:06 (3684 turns).

safid the Shooter (Minotaur Hunter)                 Turns: 3684, Time: 00:08:06

Health: -1/57      AC:  5    Str: 15    XL:     6   Next: 44%
Magic:  5/5        EV:  9    Int:  6    God:
Gold:   159        SH:  0    Dex: 14    Spells: 5/5 levels left

rFire   . . .      SeeInvis .   a - +0 shortbow
rCold   . . .      Faith    .   (shield currently unavailable)
rNeg    . . .      Spirit   .   w - +0 scale mail
rPois   +          Reflect  .   (helmet restricted)
rElec   .          Harm     .   q - +1 cloak
rCorr   +          Rampage  .   (no gloves)
Will    .....                   (no boots)
Stlth   ..........              f - amulet of the acrobat
HPRegen 0.19/turn               v - ring of the Water Diviner {rPois rCorr}
MPRegen 0.09/turn               (no ring)

@: no status effects
A: horns 2, retaliatory headbutt, clumsy 1, deformed body
a: no special abilities


You were in an ossuary.
You visited 1 branch of the dungeon, and saw 4 of its levels.
You also visited: Ossuary.

You collected 159 gold pieces.

Inventory:

Hand Weapons
 a - a +0 shortbow (weapon)
Armour
 q - a +1 cloak (worn)
 w - a +0 scale mail (worn)
Jewellery
 f - an amulet of the acrobat (around neck)
 v - the ring of the Water Diviner (left hand) {rPois rCorr}
   (You found it on level 4 of the Dungeon)

   [ring of resist corrosion]

   rPois:     It protects you from poison.
   rCorr:     It protects you from acid and corrosion.
Scrolls
 e - 3 scrolls of identify {unknown}
 g - a scroll of teleportation {unknown}
 j - 2 scrolls of brand weapon {unknown}
 k - a scroll of amnesia {unknown}
 l - a scroll of vulnerability {unknown}
 o - 2 scrolls of noise {unknown}
 u - a scroll of magic mapping {unknown}
Potions
 d - a potion of brilliance {unknown}
 h - a potion of lignification {unknown}
 i - a potion of invisibility {unknown}
 m - a potion of mutation
 n - a potion of might {unknown}
 p - 2 potions of heal wounds {unknown}
 r - a potion of attraction {unknown}
 s - 2 potions of berserk rage {unknown}
 t - 2 potions of cancellation {unknown}


   Skills:
 + Level 6.1 Fighting
 + Level 6.8 Ranged Weapons
 - Level 2.1 Dodging
 - Level 0.7 Stealth


You had 5 spell levels left.
You didn't know any spells.
Your spell library was empty.

Dungeon Overview and Level Annotations

Branches:
Dungeon (4/15)            Ossuary (1/1)
 Temple: D:4-7

Altars:
Ashenzari
Dithmenos
Okawaru
Qazlal
Zin

Shops:
D:2 (

Annotations:
Ossuary Menkaure


Innate Abilities, Weirdness & Mutations

You have a pair of horns on your head.
You reflexively headbutt those who attack you in melee.
You are clumsy. (Dex -2)
Armour fits poorly on your strangely shaped body.


Message History

You shoot an arrow. The arrow hits the gnoll zombie.
The gnoll zombie is severely damaged.
The gnoll zombie hits you.
You shoot an arrow. The arrow hits the gnoll zombie.
The gnoll zombie is almost destroyed.
The gnoll zombie hits you.
You shoot an arrow. The arrow hits the gnoll zombie!
You destroy the gnoll zombie!
A mummy comes into view.
You shoot an arrow. The arrow hits the orc skeleton!
You destroy the orc skeleton!
You shoot an arrow. The arrow hits the rat zombie!
You destroy the rat zombie!
Menkaure calls on the powers of darkness!
Your body is wracked with pain!
You shoot an arrow. The arrow hits the gnoll skeleton!
The gnoll skeleton is almost destroyed.
The gnoll skeleton hits you but does no damage.
You shoot an arrow. The arrow hits the gnoll skeleton.
You destroy the gnoll skeleton!
You shoot an arrow. The arrow hits Menkaure!
Menkaure is moderately damaged.
The sentinel's mark upon you fades away.
Menkaure hits you!
* * * LOW HITPOINT WARNING * * *
Menkaure closely misses you. You furiously retaliate!
You headbutt Menkaure!
Unknown command.
It was a potion of mutation.
You feel extremely strange.
Your body twists and deforms.
You feel clumsy. Menkaure misses you.
Fire: a) +0 shortbow
Press: ? - help, Q - select action Shift-Dir - straight line, f/p - Menkaure
Aim: Menkaure (severely damaged, fast, 78% to hit)
You shoot an arrow. The arrow hits Menkaure.
Menkaure is almost destroyed.
Menkaure hits you.
* * * LOW HITPOINT WARNING * * *
Menkaure casts a spell at you. Pain shoots through your body!
You die...

##..##..##..####..##..#
##..##..##..## ##..##..
##..##..##..## ##..##.
##..##..##..## ##..##
##..##..##..## ##..#
##..##..##..## ##..
##..##..##..## ##.
##..##..##..######### ##
##..##..##....@MZM.... #
##..##..########################
##..##...........................
#..##############################
.................................
#################################


You could see Menkaure (fast), a mummy and an orc zombie.

Vanquished Creatures
  A scorpion (D:4)
  2 hounds (D:4)
  An iguana (D:4)
  A scorpion zombie (D:3)
  A hound zombie (D:3)
  A hound skeleton (D:3)
  3 mummies
  3 adders
  3 adder skeletons (D:3)
  An adder zombie (D:3)
  A worm (D:2)
  2 dart slugs
  2 orcs
  4 endoplasms
  4 giant cockroaches
  3 gnoll zombies (Ossuary)
  6 hobgoblins
  4 jackals (D:1)
  10 kobolds
  5 ball pythons
  A ball python skeleton (D:3)
  2 bats
  4 frilled lizards
  4 gnoll skeletons (Ossuary)
  4 goblins
  2 goblin skeletons (Ossuary)
  A goblin zombie (Ossuary)
  6 hobgoblin skeletons (Ossuary)
  4 hobgoblin zombies (Ossuary)
  6 kobold skeletons (Ossuary)
  7 kobold zombies (Ossuary)
  3 orc skeletons (Ossuary)
  5 orc zombies (Ossuary)
  A rat (D:3)
  4 rat skeletons (Ossuary)
  4 rat zombies (Ossuary)
116 creatures vanquished.

Notes
Turn   | Place    | Note
-------+----------+-------------------------------------------
     0 | D:1      | safid the Minotaur Hunter began the quest for the Orb.
     0 | D:1      | Reached XP level 1. HP: 18/18 MP: 0/0
   111 | D:1      | Reached XP level 2. HP: 25/25 MP: 1/1
  1035 | D:2      | Found a faded altar of an unknown god.
  1213 | D:2      | Reached XP level 3. HP: 31/31 MP: 2/2
  1229 | D:2      | Found Acroero's Antique Weapon Shop.
  1294 | D:2      | Reached skill level 5 in Ranged Weapons
  1919 | D:3      | Reached XP level 4. HP: 40/40 MP: 3/3
  1952 | D:3      | Found an iron altar of Okawaru.
  1952 | D:3      | Found a shadowy altar of Dithmenos.
  1954 | D:3      | Found a broken altar of Ashenzari.
  2229 | D:3      | Found a stormy altar of Qazlal.
  2231 | D:3      | Found a glowing silver altar of Zin.
  2715 | D:3      | Reached XP level 5. HP: 47/47 MP: 4/4
  2861 | D:4      | Reached skill level 5 in Fighting
  2962 | D:4      | Identified the ring of the Water Diviner {rPois rCorr}
  2994 | D:4      | Reached XP level 6. HP: 9/57 MP: 5/5
  3039 | D:4      | Found a sand-covered staircase.
  3321 | Ossuary  | Entered an ossuary
  3671 | Ossuary  | Noticed Menkaure
  3683 | Ossuary  | Gained mutation: Armour fits poorly on your strangely
                  | shaped body. [potion of mutation]
  3683 | Ossuary  | Gained mutation: You are clumsy. (Dex -2) [potion of
                  | mutation]
  3684 | Ossuary  | Killed from afar by Menkaure

Illustrated notes

Levels and vault maps discovered:
D:1:      eino_arrival_tree_alley, layout_loops_ring, minivault_5,
          chequers_serial_rivers_micro_c, serial_bayou_pond_e
D:2:      layout_basic, shapermc_ecumenical_altar_ellora, serial_shops, shop
D:3:      layout_loops_cross, nicolae_overflow_hidden_temple, serial_undead,
          serial_undead_a, serial_undead_d, serial_undead_d, serial_undead_d,
          serial_undead_a, serial_undead_d, serial_undead_f,
          serial_bayou_crossing
D:4:      layout_cave_pools, minmay_temple_entry_slanted,
          nicolae_ossuary_entry_giza
Ossuary:  ossuary_due_pyramid

Skill      XL: |  1  2  3  4  5  6 |
---------------+-------------------+-----
Fighting       | 3 4 5 6 |  6.1
Ranged Weapons | 5 6 |  6.8
Dodging        | |  2.1
Stealth        | |  0.7

Action                   |  1- 3 |  4- 6 || total
-------------------------+-------+-------++-------
 Fire: Shortbow          |   113 |   221 ||   334
  Use: Potion            |       |     1 ||     1
Armor: Leather armour    |     8 |    19 ||    27
       Scale mail        |       |     9 ||     9
Dodge: Dodged            |    26 |    42 ||    68
